 Dungeon Crawl Stone Soup version 0.23-a0-389-g4a5eb33 (webtiles) character file.

74 Cryolive the Digger (level 4, 0/24 HPs)
             Began as a Gargoyle Earth Elementalist on Oct 29, 2018.
             Slain by an ice beast (8 damage)
             ... on level 3 of the Dungeon.
             The game lasted 00:04:09 (2969 turns).

Cryolive the Digger (Gargoyle Earth Elementalist)   Turns: 2969, Time: 00:04:10

Health: 0/24       AC:  6    Str: 11    XL:     4   Next: 28%
Magic:  8/8        EV: 12    Int: 17    God:
Gold:   55         SH:  0    Dex: 10    Spells: 5/9 levels left

rFire    . . .     SeeInvis .   m - +0 flail
rCold    . . .     Gourm    .   (no shield)
rNeg     + . .     Faith    .   c - +0 robe
rPois    ∞         Spirit   .   (no helmet)
rElec    +         Reflect  .   (no cloak)
rCorr    .         Harm     .   a - +0 pair of gloves
MR       +....                  (no boots)
Stlth    ++........             (no amulet)
HPRegen  0.08/turn              e - ring of protection from magic
MPRegen  0.11/turn              (no ring)

@: no status effects
A: negative energy resistance 1, electricity resistance, unbreathing,
petrification resistance, rot immunity, AC +3
a: no special abilities


You were on level 3 of the Dungeon.
You were not hungry.

You visited 1 branch of the dungeon, and saw 3 of its levels.

You collected 55 gold pieces.

Inventory:

Hand Weapons
 m - a +0 flail (weapon)
Missiles
 b - 80 stones (quivered)
Armour
 a - a +0 pair of gloves (worn)
 c - a +0 robe (worn)
Jewellery
 e - a ring of protection from magic (left hand)
Scrolls
 g - a scroll of enchant weapon {unknown}
 h - 2 scrolls of identify
 l - a scroll of teleportation {unknown}
Potions
 f - 2 potions of curing
 k - 2 potions of flight
Comestibles
 d - a ration


   Skills:
 - Level 1.5 Dodging
 - Level 2.1 Stealth
 + Level 3.0 Spellcasting
 + Level 1.4 Conjurations
   Level 0.7 Transmutations
 + Level 4.7 Earth Magic


You had 5 spell levels left.
You knew the following spells:

 Your Spells              Type           Power        Failure   Level  Hunger
a - Sandblast             Erth           ###...       2%          1    None
b - Stone Arrow           Conj/Erth      ##....       14%         3    ###....

Your spell library contained the following spells:

 Spells                   Type           Power        Failure   Level  Hunger
 Passwall                 Tmut/Erth      ##......     9%          2    ##.....
 Petrify                  Tmut/Erth      ##......     50%         4    ####...
 Lee's Rapid Deconstruct  Erth           ###.......   56%         5    ######.


Dungeon Overview and Level Annotations

Branches:
Dungeon (3/15)

Altars:
Gozag
Okawaru
The Shining One


Innate Abilities, Weirdness & Mutations

You are resistant to torment.
Your stone body is resilient. (AC +3)
You are immune to poison.
You resist negative energy. (rN+)
You are resistant to electric shocks. (rElec)
You can survive without breathing.
You are immune to petrification.
You are immune to rotting.


Message History

Found a ring mail.
Found a stone staircase leading down.
An ice beast comes into view.
Found a club.
You see here a leopard gecko corpse.
You see here a leopard gecko corpse.
The ice beast misses you.
You closely miss the ice beast.
The ice beast hits you but does no damage.
You hit the ice beast.
The ice beast is lightly wounded.
The ice beast closely misses you.
The ice beast hits you but does no damage.
You closely miss the ice beast.
The ice beast is lightly wounded.
The ice beast barely misses you.
You barely miss the ice beast.
The ice beast is lightly wounded.
The ice beast hits you. The ice beast freezes you! The ice beast hits you.
The ice beast freezes you!
You die...

....... ....... .......
######### ....>.)
........# .......
........# ##..Y....
........# #........
........########........
............†@Y......[..
.........#######........
.........# #........
########†# ##....... #.#
....... #.##### .....##
#.....# ####...
#.....#########..
#......†.........


You could see an ice beast.

Vanquished Creatures
  An ooze (D:1)
  A worm (D:2)
  A dart slug (D:1)
  A leopard gecko (D:3)
  4 giant cockroaches
  8 goblins
  8 hobgoblins
  6 jackals (D:1)
  7 kobolds
  2 quokkas (D:2)
  9 bats
  3 frilled lizards
  5 rats
56 creatures vanquished.

Notes
Turn   | Place    | Note
-------+----------+-------------------------------------------
     0 | D:1      | Cryolive the Gargoyle Earth Elementalist began the quest
                  | for the Orb.
     0 | D:1      | Reached XP level 1. HP: 10/10 MP: 3/3
   305 | D:1      | Reached skill level 4 in Earth Magic
   305 | D:1      | Reached XP level 2. HP: 7/15 MP: 5/5
   965 | D:1      | Reached XP level 3. HP: 17/19 MP: 6/6
   970 | D:1      | Learned a level 3 spell: Stone Arrow
  1487 | D:2      | Found an iron altar of Okawaru.
  1542 | D:2      | Reached skill level 1 in Conjurations
  1851 | D:2      | Reached XP level 4. HP: 9/24 MP: 5/8
  2105 | D:2      | Found a glowing golden altar of the Shining One.
  2891 | D:3      | Found an opulent altar of Gozag.
  2955 | D:3      | Noticed an ice beast
  2969 | D:3      | Slain by an ice beast

Vault maps used:
D:1:      psy_arrival_conway
D:2:      nicolae_overflow_hidden_temple, kennysheep_okawaru_gauntlet,
          first_ration
D:3:      nicolae_overflow_crystal_walls, bloody_makhleb, uniq_sigmund

Skill      XL: |  1  2  3  4 |
---------------+-------------+-----
Earth Magic    | 4 |  4.7
Conjurations   | 1 |  1.4
Spellcasting   | 3 |  3.0
Dodging        | |  1.5
Stealth        | |  2.1
Transmutations | |  0.7

Action                   |  1- 3 |  4- 6 || total
-------------------------+-------+-------++-------
Melee: Unarmed           |    42 |       ||    42
       Short sword       |   149 |    15 ||   164
       Flail             |       |    43 ||    43
 Cast: Sandblast         |    10 |     1 ||    11
  Use: Scroll            |       |     5 ||     5
 Stab: Sleeping          |     5 |       ||     5
  Eat: Chunk             |     3 |     1 ||     4
       Ration            |       |     1 ||     1
Armor: Robe              |    79 |    28 ||   107
Dodge: Dodged            |   171 |    55 ||   226

Table legend:
 A = Non-vault XP
 B = Vault XP
 C = Vault XP percentage of total XP
 D = Non-vault monster count
 E = Vault monster count
 F = Vault count percentage of total count
                 A         B        C        D         E       F
            +---------+---------+-------+---------+---------+-------
      Total |     106 |       0 |   0.0 |      56 |       0 |   0.0
            +---------+---------+-------+---------+---------+-------
        D:1 |      57 |       0 |   0.0 |      29 |       0 |   0.0
        D:2 |      35 |       0 |   0.0 |      18 |       0 |   0.0
        D:3 |      14 |       0 |   0.0 |       9 |       0 |   0.0
            +---------+---------+-------+---------+---------+-------
